 Dungeon Crawl Stone Soup version 0.28.0-53-g5a82cb258f (webtiles) character file.

Game seed: 9594194373421212327

50 Peloso the Shield-Bearer (level 3, -5/33 HPs)
             Began as a Minotaur Fighter on July 24, 2022.
             Slain by an orc
             ... wielding a +0 war axe
              (7 damage)
             ... on level 3 of the Dungeon.
             The game lasted 00:02:04 (2125 turns).

Peloso the Shield-Bearer (Minotaur Fighter)         Turns: 2125, Time: 00:02:05

Health: -5/33      AC:  9    Str: 20    XL:     3   Next: 55%
Magic:  2/2        EV:  7    Int:  5    God:
Gold:   71         SH:  5    Dex: 11    Spells: 2/2 levels left

rFire   . . .      SeeInvis .   a - +0 long sword
rCold   . . .      Faith    .   c - +0 buckler
rNeg    . . .      Spirit   .   n - +0 chain mail
rPois   .          Reflect  .   (helmet restricted)
rElec   .          Harm     .   (no cloak)
rCorr   .          Rampage  .   (no gloves)
Will    .....                   (no boots)
Stlth   ..........              (no amulet)
HPRegen 0.11/turn               (no ring)
MPRegen 0.08/turn               (no ring)

@: no status effects
A: horns 2, retaliatory headbutt
a: no special abilities


You were on level 3 of the Dungeon.
You visited 1 branch of the dungeon, and saw 3 of its levels.

You collected 71 gold pieces.

Inventory:

Hand Weapons
 a - a +0 long sword (weapon)
Armour
 b - a +0 scale mail
 c - a +0 buckler (worn)
 n - a +0 chain mail (worn)
Jewellery
 m - an amulet of faith
Scrolls
 i - a scroll of vulnerability {unknown}
 j - a scroll of fear {unknown}
 k - a scroll of teleportation {unknown}
Potions
 d - 2 potions of might
 e - a potion of mutation {unknown}
 f - a potion of berserk rage
 g - 3 potions of curing
 h - a potion of resistance {unknown}
 l - a potion of brilliance {unknown}


   Skills:
 + Level 4.0 Fighting
 + Level 3.0 Long Blades
 + Level 4.2 Armour
 + Level 4.5 Shields


You had 2 spell levels left.
You didn't know any spells.
Your spell library was empty.

Dungeon Overview and Level Annotations

Branches:
Dungeon (3/15)

Altars:


Innate Abilities, Weirdness & Mutations

You have a pair of horns on your head.
You reflexively headbutt those who attack you in melee.


Message History

The quokka bites you but does no damage.
You closely miss the orc. You block the quokka's attack.
The endoplasm freezes you.
You are frozen.
You hit the endoplasm but do no damage. Your headbutt misses the endoplasm.
The quokka barely misses you.
The orc priest looks braver for a moment.
The quokka bites you but does no damage.
The endoplasm hits you but does no damage.
You barely miss the endoplasm. The quokka bites you. The endoplasm freezes you.
You are frozen.
You hit the endoplasm. You headbutt the endoplasm.
You kill the endoplasm!
The quokka completely misses you. The orc hits you but does no damage.
You block the orc's attack.
The quokka bites you but does no damage.
The orc hits you but does no damage.
You slash the orc priest!
The orc priest is severely wounded.
The orc priest closely misses you.
The quokka bites you but does no damage.
The orc barely misses you. You block the orc's attack.
You block the quokka's attack. The orc priest hits you with a +0 club.
The orc barely misses you.
You barely miss the orc priest.
The orc priest is severely wounded.
The orc completely misses you.
The quokka bites you but does no damage.
The orc priest invokes the aid of Beogh against you.
Pain shoots through your body!
* * * LOW HITPOINT WARNING * * *
The orc hits you but does no damage.
You hit the orc priest.
The orc priest is almost dead.
You block the quokka's attack. The orc hits you with a +0 mace.
* * * LOW HITPOINT WARNING * * *
The orc priest hits you but does no damage.
The orc hits you with a +0 war axe!
You die...

#.....# .. .#
#.....# ... ..
#.....# ...>
.###.....###...
..##.##.......
#.##.##..<.#
#.##.##roo#
#.##..[o@.#
#######.....##.##
#........#.....#
#.#####......#.#
##..#
#.......##..#
.#.#
#.####........
...####.#
##.##.##.
.####...# #.##..
.####.##### .#


You could see an orc priest, 2 orcs and a quokka.

Vanquished Creatures
  2 worms (D:2)
  2 dart slugs (D:1)
  3 ball pythons
  2 endoplasms
  A giant cockroach (D:2)
  3 hobgoblins
  2 jackals (D:3)
  3 kobolds
  A quokka (D:2)
  7 bats
  8 frilled lizards
  8 rats
42 creatures vanquished.

Notes
Turn   | Place    | Note
-------+----------+-------------------------------------------
     0 | D:1      | Peloso the Minotaur Fighter began the quest for the Orb.
     0 | D:1      | Reached XP level 1. HP: 19/19 MP: 0/0
   473 | D:1      | Reached XP level 2. HP: 27/27 MP: 1/1
  1171 | D:2      | Found a faded altar of an unknown god.
  1431 | D:2      | Reached XP level 3. HP: 29/33 MP: 2/2
  2125 | D:3      | Slain by an orc

Illustrated notes

Levels and vault maps discovered:
D:1:      elethiomel_arrival_infinity_welcomes_careful_drivers,
          layout_loops_cross, corexii_leaking_fountain, serial_bayou_ford_a
D:2:      minmay_recursive_quarters, layout_loops_ring,
          chequers_ecumenical_altar_island, minmay_pentomino_x2
D:3:      layout_rooms, st_stairs_12, wander_ebering_terrifying_dragon_lair

Skill      XL: |  1  2  3 |
---------------+----------+-----
Shields        | 4 |  4.5
Armour         | 4 |  4.2
Fighting       | 4 |  4.0
Long Blades    | 3 |  3.0

Action                   || total
-------------------------++-------
Melee: Long sword        ||    84
       Headbutt          ||    16
  Use: Scroll            ||     2
Armor: Scale mail        ||    18
       Chain mail        ||    29
Dodge: Dodged            ||    45
Block: Buckler           ||    27
